 Dungeon Crawl Stone Soup version 0.15-a0-1866-g491fd59 (webtiles) character file.

109 Kenran the Ruffian (level 4, -3/28 HPs)
             Began as a Gargoyle Monk on July 4, 2014.
             Killed by divine providence
             ... invoked by an orc priest
              (9 damage)
             ... on Level 3 of the Dungeon.
             The game lasted 00:09:20 (2999 turns).

Kenran the Ruffian (Gargoyle Monk)                  Turns: 2999, Time: 00:09:20

HP  -3/28        AC  8     Str 16      XL: 4   Next: 90%
MP   3/4         EV 11     Int 10      God:
Gold 26          SH  0     Dex 12      Spells:  0 memorised,  3 levels left

rFire  . . .     SeeInvis .       - Unarmed
rCold  . . .     Clarity  .     u - +0 leather armour
rNeg   + . .     rCorr    .     (no shield)
rPois  +         rRot     +     (no helmet)
rElec  +         Spirit   .     k - +1 cloak
SustAb .         Warding  .     (no gloves)
rMut   .         Stasis   .     (no boots)
Gourm  .                        (no amulet)
MR     .....                    (no ring)
                                d - +2 ring of intelligence

@: flying, not resistant to hostile enchantments, unstealthy
A: big wings, talons 1, dopey 1, negative energy resistance 1, electricity
resistance, unbreathing, petrification resistance, rot immunity, AC +3
a: no special abilities


You were on level 3 of the Dungeon.
You were hungry.

You visited 1 branch of the dungeon, and saw 3 of its levels.

You collected 26 gold pieces.

Inventory:

Armour
 c - a +0 plate armour
 k - a +1 cloak (worn)
 s - a +2 chain mail of positive energy
 u - a +0 leather armour (worn)
Magical devices
 g - a wand of confusion (12)
Comestibles
 b - 5 bread rations
 l - a meat ration
 m - 3 fruits
 r - a beef jerky
Scrolls
 h - 4 scrolls of identify
 p - a scroll of remove curse
 q - a scroll of blinking {unknown}
 t - a scroll of amnesia
Jewellery
 d - a +2 ring of intelligence (left hand)
Potions
 a - a potion of flight {unknown}
 i - a potion of might {unknown}
 j - a potion of heal wounds {unknown}
 o - a potion of agility {unknown}


   Skills:
 - Level 3.2 Fighting
 - Level 2.4 Dodging
 - Level 2.1 Stealth
 + Level 6.0 Unarmed Combat


You had 3 spell levels left.
You didn't know any spells.

Dungeon Overview and Level Annotations

Branches:
Dungeon (3/15)

Altars:


Innate Abilities, Weirdness & Mutations

You are resistant to torment.
You are immune to poison.
Your stone body is very resilient (AC +3).
You resist negative energy.
You are resistant to electric shocks.
You can survive without breathing.
You are immune to petrification.
You are immune to rotting.
Your wings are large and strong.
You have sharp toenails.
You are dopey. (Int -2)


Message History

You closely miss something. You claw something.
You hear some strange, mumbled words.
The puff of flame hits you!
The orc priest glows brightly for a moment.
You punch the orc priest!
The orc priest is heavily wounded.
Something hits you but does no damage.
The orc priest hits you but does no damage.
You closely miss the orc priest. Your kick misses the orc priest.
The orc priest is heavily wounded.
Something hits you but does no damage.
The orc priest invokes the aid of Beogh against you.
Pain shoots through your body!
* * * LOW HITPOINT WARNING * * *
You hit the orc priest but do no damage.
The orc priest is heavily wounded.
Something hits you but does no damage.
The orc priest calls down the wrath of Beogh upon you.
Something smites you!
You die...

..#### ##.##.#.#.....# >...<#
#.##.#.#####.# #.##.#
#.##.....)...# # ..##.#
#....######### #. #.##.#
####.# ##. # #. #.##.# #.#
##.. #.##.##.##.# ##.## ##...
##........%o######...####....
.'...........@...........'....
####........######...####....
#..#####.# ##.## ##... #. #.#
#..# ##.. # #.# #.## ##. #.#
#.# ## #.# #.# #.# #.# # #.#
#.# ##


You could see an orc priest.

Vanquished Creatures
  Terence (D:3)
  An adder (D:2)
  A shadow imp (D:3)
  2 worms
  3 giant geckos
  2 orcs (D:3)
  9 bats
  4 goblins
  3 hobgoblins
  12 jackals
  2 quokkas
  A ball python (D:1)
  3 giant cockroaches
  5 giant newts
  9 kobolds
  10 rats
68 creatures vanquished.

Notes
Turn   | Place    | Note
--------------------------------------------------------------
     0 | D:1      | Kenran, the Gargoyle Monk, began the quest for the Orb.
     0 | D:1      | Reached XP level 1. HP: 14/14 MP: 1/1
     6 | D:1      | Noticed a frost giant
     6 | D:1      | Noticed a queen ant
     6 | D:1      | Noticed a komodo dragon
   280 | D:1      | Reached XP level 2. HP: 19/19 MP: 2/2
  1066 | D:2      | Reached XP level 3. HP: 19/23 MP: 3/3
  1151 | D:2      | Reached skill level 5 in Unarmed Combat
  1700 | D:2      | Reached XP level 4. HP: 24/28 MP: 4/4
  2874 | D:3      | Noticed Terence
  2895 | D:3      | Killed Terence
  2895 | D:3      | Reached skill level 6 in Unarmed Combat
  2973 | D:3      | Gained mutation: You have sharp toenails. [potion of mutation]
  2973 | D:3      | Gained mutation: You are dopey. (Int -2) [potion of mutation]
  2973 | D:3      | Gained mutation: Your wings are large and strong. [potion of mutation]
  2999 | D:3      | Killed from afar by an orc priest

Action                   |  1- 3 |  4- 6 || total
-------------------------+-------+-------++-------
Melee: Unarmed           |   171 |   128 ||   299
 Abil: Fly               |       |     1 ||     1
Evoke: Wand              |       |     1 ||     1
  Use: Scroll            |     2 |     1 ||     3
       Potion            |       |     3 ||     3
 Stab: Sleeping          |       |     1 ||     1
